 Dungeon Crawl Stone Soup version 0.26.1-11-gd32895ea62 (webtiles) character file.

Game seed: 3919411668566243868

15879 nothank2 the Destroyer (level 12, -4/81 HPs)
             Began as a Black Draconian Conjurer on July 12, 2021.
             Was an Elder of Vehumet.
             Killed themself with a badly aimed orb of electricity (6 damage)
             ... in a volcano on July 13, 2021.
             The game lasted 01:28:06 (18039 turns).

nothank2 the Destroyer (Black Draconian Conjurer)  Turns: 18039, Time: 01:28:07

Health: -4/81      AC: 13    Str: 12    XL:     12   Next: 5%
Magic:  35/35      EV: 12    Int: 22    God:    Vehumet [****..]
Gold:   287        SH:  8    Dex: 11    Spells: 16/32 levels left

rFire    + . .     SeeInvis +   F - +10 trident "Quuku" {freeze, *Contam rF+ MP+9 Dex+2}
rCold    . . .     Faith    .   x - +3 buckler {reflect}
rNeg     + . .     Spirit   .   (armour unavailable)
rPois    .         Reflect  +   (helmet restricted)
rElec    +         Harm     .   z - +2 cloak
rCorr    .         Rampage  .   w - +1 pair of gloves
Will     .....                  (no boots)
Stlth    ++........             c - amulet of magic regeneration
HPRegen  0.23/turn              i - ring of see invisible
MPRegen  0.49/turn              M - ring of positive energy

@: no status effects
A: breathe lightning, unfitting armour, electricity resistance, cold-blooded, AC
+8
a: Breathe Lightning, Renounce Religion


You were in a volcano.
You worshipped Vehumet.
Vehumet was greatly pleased with you.
You visited 2 branches of the dungeon, and saw 13 of its levels.
You also visited: Volcano.

You collected 1025 gold pieces.
You spent 738 gold pieces at shops.

Inventory:

Hand Weapons
 a - a +0 short sword
 n - a +0 war axe
 r - a +0 whip of flaming
 u - a +1 morningstar
 F - the +10 trident "Quuku" (weapon) {freeze, *Contam rF+ MP+9 Dex+2}
   (You found it on level 7 of the Dungeon)

   It has been specially enchanted to freeze those struck by it, causing extra
   injury to most foes and up to half again as much damage against particularly
   susceptible opponents.
   It can also slow down cold-blooded creatures.
   It affects your dexterity (+2).
   It protects you from fire.
   It affects your magic capacity (+9).
   It causes magical contamination when unequipped.
Armour
 g - a scarf of harm
 w - a +1 pair of gloves (worn)
 x - a +3 buckler of reflection (worn)
 z - a +2 cloak (worn)
Magical Staves
 N - an uncursed staff of conjuration {unknown}
Jewellery
 c - an amulet of magic regeneration (around neck)
 i - a ring of see invisible (left hand)
 q - an uncursed ring of stealth
 M - a ring of positive energy (right hand)
 O - an uncursed amulet of the acrobat {unknown}
Wands
 f - a wand of flame (10)
 s - a wand of iceblast (29)
 v - a wand of random effects (35)
 G - a wand of polymorph (12)
 H - a wand of acid (9)
Scrolls
 d - 2 scrolls of teleportation
 h - a scroll of amnesia
 k - 2 scrolls of magic mapping
 y - 5 scrolls of remove curse
 A - 4 scrolls of enchant weapon
 D - 4 scrolls of fear
 E - 2 scrolls of fog
 I - a scroll of torment
 J - 2 scrolls of brand weapon
 K - a scroll of vulnerability {unknown}
 L - a scroll of immolation {unknown}
 Q - a scroll of identify
Potions
 b - 3 potions of lignification
 e - 3 potions of heal wounds
 j - a potion of berserk rage {unknown}
 l - 2 potions of brilliance {unknown}
 o - 7 potions of curing
 p - 3 potions of flight
 t - 2 potions of attraction {unknown}
 B - 2 potions of invisibility {unknown}
 C - a potion of cancellation {unknown}
 P - 2 potions of degeneration {unknown}
Miscellaneous
 m - a phantom mirror


   Skills:
 + Level 5.6 Polearms
 - Level 1.7 Dodging
 - Level 1.7 Stealth
 - Level 5.0 Shields
 + Level 10.8 Spellcasting
 + Level 12.9 Conjurations
 - Level 1.3 Hexes
 + Level 5.6 Fire Magic


You had 16 spell levels left.
You knew the following spells:

 Your Spells              Type           Power        Failure   Level
a - Magic Dart            Conj           100%         1%          1
b - Searing Ray           Conj           100%         1%          2
c - Fulminant Prism       Conj/Hex       21%          1%          4
d - Sticky Flame          Conj/Fire      52%          1%          4
e - Iskenderun's Battles  Conj           62%          1%          5

Your spell library contained the following spells:

 Spells                   Type           Power        Failure   Level
 Dazzling Flash           Conj/Hex       86%          1%          3
 Iskenderun's Mystic Bla  Conj/Tloc      40%          1%          4


Dungeon Overview and Level Annotations

Branches:
Dungeon (11/15)            Temple (0/1) D:7            Lair (2/6) D:8
    Orc (0/2) D:11        Volcano (1/1)
  Swamp: Lair:2-4    Shoals: Lair:2-4     Snake: Lair:2-4    Spider: Lair:2-4

Altars:
Cheibriados
Gozag
Hepliaklqana
Makhleb
Okawaru
Uskayaw
Vehumet
Wu Jian
Yredelemnul
Zin
The Shining One
Beogh

Shops:
D:4 :?}   D:5 [   D:6 **:   D:7 =   D:11 *

Annotations:
D:5 2 runed translucent doors, Avalonian's ghost, novice OpBr
D:11 Fannar


Innate Abilities, Weirdness & Mutations

You can breathe wild blasts of lightning.
Your glossy black scales are hard. (AC +8)
You cannot fit into any form of body armour.
You are resistant to electric shocks. (rElec)
You are cold-blooded and may be slowed by cold attacks.


Message History

You block the harpy skeleton's attack. x2
The harpy skeleton claws you but does no damage.
The harpy skeleton closely misses you.
You block the harpy skeleton's attack. x2; The harpy skeleton claws you.
* * * LOW HITPOINT WARNING * * *
The harpy skeleton claws you but does no damage.
You block the harpy skeleton's attack. The harpy skeleton misses you.
You block the harpy skeleton's attack.
The harpy skeleton claws you but does no damage.
The harpy skeleton claws you.
* * * LOW HITPOINT WARNING * * *
The harpy skeleton claws you but does no damage.
The harpy skeleton claws you!
* * * LOW HITPOINT WARNING * * *
The harpy skeleton closely misses you. The harpy skeleton claws you.
* * * LOW HITPOINT WARNING * * *
The harpy skeleton claws you but does no damage.
You breathe a wild blast of lightning!
The orb of electricity explodes!
The orb of electricity engulfs you. You resist.
You die...

########### ###..##.....#####
##........###....##
##..............@Z9###
.......§§≈§§§§.......##
.......≈≈≈§§≈≈≈.......###
.∩....§§§≈§≈§≈≈≈§≈...9..#####
.....≈≈≈≈§§≈≈§≈≈≈§§§≈.....#.##
...≈≈≈≈≈≈§≈≈≈§≈≈≈§≈≈§§≈§...≈.###.
≈≈≈≈≈≈≈≈≈§§≈§§≈§§§§≈≈≈≈§≈.....)'.
≈≈≈°°≈≈§≈≈≈≈≈≈≈≈≈≈§≈≈≈≈....≈.###.
○°°°≈≈°°°°° ≈§§≈≈≈≈§§§≈≈....##


You could see 2 gargoyles and a harpy skeleton.

Vanquished Creatures
  Erolcha (D:11)
  2 hydras (Lair:1)
  A skeletal warrior (Volcano)
  Pikel (D:7)
  A lindwurm (Lair:2)
  A manticore (D:11)
  2 cane toads
  2 gargoyles
  2 komodo dragons
  A hornet (D:11)
  Grinder (D:6)
  3 flying skulls (Volcano)
  7 yaks
  A steam dragon (D:8)
  3 wargs (D:8)
  A soldier ant (D:10)
  4 water moccasins
  Duvessa (D:7)
  5 orc warriors
  4 ice beasts
  2 black bears
  A necrophage (D:6)
  A sky beast (D:6)
  7 ogres
  3 eyes of draining
  7 centaurs
  A lemure (D:7)
  A big kobold (D:8)
  11 bullfrogs
  3 wyvern zombies
  A water moccasin zombie (D:9)
  5 scorpions
  Dowan (D:7)
  10 killer bees
  12 wights
  5 howler monkeys
  2 spriggan skeletons (Volcano)
  6 electric eels (D:7)
  2 quasits (D:6)
  5 jellies
  A centaur zombie (D:5)
  13 hounds
  2 centaur skeletons
  8 orc priests
  A bullfrog skeleton (D:8)
  Ijyb (D:3)
  10 orc wizards
  3 iguanas
  6 worker ants
  A howler monkey zombie (D:10)
  3 gnolls (D:6)
  18 adders
  2 shadow imps
  4 white imps
  2 ufetubi
  3 oozes
  3 worms
  2 adder skeletons (D:6)
  3 dart slugs
  5 leopard geckos
  37 orcs
  3 ball pythons
  14 bats
  3 giant cockroaches
  7 goblins
  11 hobgoblins
  7 jackals
  10 quokkas
  9 frilled lizards
  21 kobolds
  A leopard gecko skeleton (D:4)
  2 leopard gecko zombies
  A quokka skeleton (D:6)
  10 rats
357 creatures vanquished.

Vanquished Creatures (others)
  27 fulminant prisms
  A fungus (Lair:2)
  4 plants (D:7)
32 creatures vanquished.

Grand Total: 389 creatures vanquished

Notes
Turn   | Place    | Note
-------+----------+-------------------------------------------
     0 | D:1      | nothank2 the Draconian Conjurer began the quest for the
                  | Orb.
     0 | D:1      | Reached XP level 1. HP: 14/14 MP: 3/3
   304 | D:1      | Reached XP level 2. HP: 20/20 MP: 3/5
   433 | D:1      | Learned a level 2 spell: Searing Ray
  1207 | D:1      | Reached XP level 3. HP: 26/26 MP: 4/6
  2060 | D:2      | Reached skill level 5 in Conjurations
  2060 | D:2      | Reached XP level 4. HP: 11/33 MP: 0/8
  2263 | D:2      | Found a hide-covered altar of Uskayaw.
  2263 | D:2      | Found a radiant altar of Vehumet.
  2268 | D:2      | Became a worshipper of Vehumet
  3229 | D:3      | Learned a level 4 spell: Fulminant Prism
  3248 | D:3      | Reached * piety under Vehumet
  3248 | D:3      | Offered knowledge of Shock by Vehumet.
  3258 | D:3      | Reached XP level 5. HP: 38/38 MP: 1/9
  3754 | D:3      | Reached skill level 6 in Conjurations
  3934 | D:3      | Noticed Ijyb
  4240 | D:3      | Killed Ijyb
  4795 | D:4      | Noticed an ogre
  4801 | D:4      | Killed an ogre
  4802 | D:4      | Reached XP level 6. HP: 45/45 MP: 3/11
  4946 | D:4      | Found Erghobragg's Gadget Shoppe.
  4964 | D:4      | Found Waenery's Magic Scroll Shop.
  4977 | D:4      | Bought a scroll of magic mapping for 49 gold pieces
  4977 | D:4      | Bought a scroll of identify for 28 gold pieces
  4991 | D:4      | Found Eluocets's Book Shoppe.
  5020 | D:4      | Reached skill level 7 in Conjurations
  5026 | D:4      | Your scales start taking on a glossy black colour.
  5026 | D:4      | Reached XP level 7. HP: 14/50 MP: 1/13
  5026 | D:4      | Gained mutation: You are resistant to electric shocks.
                  | (rElec) [Black Draconian growth]
  5397 | D:4      | Found a burning altar of Makhleb.
  5404 | D:4      | Found a glowing silver altar of Zin.
  5404 | D:4      | Found an opulent altar of Gozag.
  5713 | D:5      | Entered Level 5 of the Dungeon
  5713 | D:5      | Found Igoot's Armour Emporium.
  5787 | D:5      | Found a large runed translucent door.
  5787 | D:5      | Found a large runed translucent door.
  5914 | D:5      | Bought a +0 buckler of reflection for 119 gold pieces
  5935 | D:5      | Found a hide-covered altar of Uskayaw.
  5986 | D:5      | Reached skill level 1 in Shields
  6210 | D:5      | Reached ** piety under Vehumet
  6301 | D:5      | Offered knowledge of Freeze by Vehumet.
  6408 | D:5      | Reached XP level 8. HP: 26/57 MP: 6/14
  6656 | D:5      | Reached skill level 5 in Shields
  7030 | D:5      | Noticed Avalonian's ghost (novice OpBr)
  7162 | D:6      | Noticed Grinder
  7185 | D:6      | Killed Grinder
  7186 | D:6      | Reached skill level 8 in Conjurations
  7186 | D:6      | Reached skill level 1 in Hexes
  7332 | D:6      | Reached skill level 5 in Spellcasting
  7657 | D:6      | Found Mum Safu's General Store.
  7660 | D:6      | Bought a scroll of identify for 28 gold pieces
  7660 | D:6      | Bought a scroll of remove curse for 42 gold pieces
  7962 | D:6      | Reached skill level 9 in Conjurations
  7989 | D:6      | Reached XP level 9. HP: 62/62 MP: 3/18
  8249 | D:6      | Offered knowledge of Static Discharge by Vehumet.
  8600 | D:6      | Found Gedets's Assorted Antiques.
  8606 | D:6      | Bought a pair of gloves for 112 gold pieces
  8815 | D:6      | Found Miefeas's Book Emporium.
  8941 | D:7      | Found Bakopsok's Jewellery Shoppe.
  8968 | D:7      | Noticed Dowan
  9048 | D:7      | Killed Dowan
  9048 | D:7      | Reached *** piety under Vehumet
  9206 | D:7      | Noticed Duvessa
  9216 | D:7      | Killed Duvessa
  9218 | D:7      | Found a snail-covered altar of Cheibriados.
  9623 | D:7      | Found a staircase to the Ecumenical Temple.
  9652 | D:7      | Got a brightly glowing trident
  9653 | D:7      | Identified the +10 trident "Quuku" {freeze, *Contam rF+
                  | MP+9 Dex+2} (You found it on level 7 of the Dungeon)
  9808 | D:7      | Offered knowledge of Ignite Poison by Vehumet.
  9839 | D:7      | Found a glowing golden altar of the Shining One.
  9959 | D:7      | Reached skill level 10 in Conjurations
 10422 | D:7      | Noticed Pikel
 10435 | D:7      | Killed Pikel
 10818 | D:8      | Reached XP level 10. HP: 50/69 MP: 22/22
 10850 | D:8      | Reached **** piety under Vehumet
 10912 | D:8      | Found a staircase to the Lair.
 10942 | D:8      | Reached skill level 11 in Conjurations
 11012 | D:8      | Offered knowledge of Sticky Flame by Vehumet.
 11018 | D:8      | Learned a level 4 spell: Sticky Flame
 11505 | D:7      | Bought an uncursed amulet of magic regeneration for 360
                  | gold pieces
 11558 | D:8      | Found a glowing golden altar of the Shining One.
 11674 | D:8      | Found an ornate altar of the Wu Jian Council.
 11675 | D:8      | Found a hazy altar of Hepliaklqana.
 11675 | D:8      | Found a basalt altar of Yredelemnul.
 11684 | D:8      | Found an iron altar of Okawaru.
 13627 | D:10     | Entered Level 10 of the Dungeon
 13789 | D:10     | Reached skill level 1 in Polearms
 13789 | D:10     | Reached skill level 1 in Fire Magic
 13789 | D:10     | Reached ***** piety under Vehumet
 13789 | D:10     | Offered knowledge of Iskenderun's Battlesphere by Vehumet.
 13800 | D:10     | Learned a level 5 spell: Iskenderun's Battlesphere
 14120 | D:10     | Noticed a gargoyle
 14126 | D:10     | Killed a gargoyle
 14180 | D:10     | Reached skill level 12 in Conjurations
 14835 | D:11     | Reached XP level 11. HP: 74/74 MP: 24/24
 14867 | D:11     | Found Berphaegg's General Store.
 15007 | D:11     | Noticed Erolcha
 15016 | D:11     | Killed Erolcha
 15017 | D:11     | Reached skill level 10 in Spellcasting
 15063 | D:11     | Paralysed by a hornet for 3 turns
 15584 | D:11     | Found a staircase to the Orcish Mines.
 15596 | D:11     | Found a roughly hewn altar of Beogh.
 15657 | D:11     | Noticed Fannar
 16124 | Lair:1   | Entered Level 1 of the Lair of Beasts
 16535 | Lair:1   | Noticed a seven-headed hydra
 16543 | Lair:1   | Killed a seven-headed hydra
 17008 | Lair:1   | Noticed a five-headed hydra
 17029 | Lair:1   | Killed a five-headed hydra
 17030 | Lair:1   | Reached skill level 5 in Polearms
 17030 | Lair:1   | Reached skill level 5 in Fire Magic
 17840 | Lair:2   | Noticed a lindwurm
 17840 | Lair:2   | Found a dark tunnel.
 17851 | Lair:2   | Killed a lindwurm
 17893 | Volcano  | Entered a volcano
 18011 | Volcano  | Noticed a skeletal warrior
 18017 | Volcano  | Reached XP level 12. HP: 79/81 MP: 26/26
 18038 | Volcano  | HP: 4/81 [harpy skeleton (8)]
 18039 | Volcano  | Killed themself with a badly aimed orb of electricity

Illustrated notes

Levels and vault maps discovered:
D:1:      elethiomel_arrival_infinity_welcomes_careful_drivers, layout_basic,
          serial_forest, infiniplex_forest_clump_small,
          infiniplex_forest_straight_3, infiniplex_forest_straight_3,
          infiniplex_forest_clump_small, infiniplex_forest_straight_3,
          minmay_small_reverse_x
D:2:      layout_loops_ring, gammafunk_temple_overflow_wave
D:3:      layout_basic, serial_aquarium, aquarium_bridge_long_joined
          [aquarium_subvault_balcony, aquarium_subvault_bridge,
          aquarium_subvault_bridge, aquarium_subvault_bridge,
          aquarium_subvault_bridge, aquarium_subvault_window],
          aquarium_window_fake, aquarium_window_fake, aquarium_view_2d,
          aquarium_view_2d, minmay_misc_feat_square, uniq_ijyb
D:4:      layout_cave_pools, grunt_temple_overflow_gold_and_silver,
          kennysheep_mini, serial_shops, nicolae_shop_crystal, shop,
          nicolae_shop_temple_entry_statues_fountains
D:5:      layout_cave_pools, serial_shops, shop, basic_altar,
          ebering_ghost_disaster_area
D:6:      minmay_polygon_palace, layout_loops_corners, serial_shops, shop, shop,
          shop, minmay_unpleasant_kobolds, uniq_grinder
D:7:      cheibrodos_two_vegetables, layout_gridville, cheibriados_altar_1,
          minmay_temple_entry_arrows, basic_altar, serial_shops, shop,
          serial_bayou_pond_e, uniq_pikel, uniq_duvessa
D:8:      layout_cave_pods, grunt_temple_overflow_open, lemuel_doored_altar,
          erik_lair_orcish_takeover
D:9:      layout_basic
D:10:     layout_stronghold
D:11:     layout_roguey, minmay_orc_entry_temple_small, serial_shops,
          shop_statue, gauntlet_entry_generic, minmay_fractal_squares_5,
          uniq_erolcha, uniq_fannar
Lair:1:   layout_gridlike, guppyfry_lair_drakes
Lair:2:   layout_layer_cave, nicolae_volcano_entry_vermiform,
          lemuel_old_faithful
Volcano:  volcano_tomb [vts_chambers]

Skill      XL: |  1  2  3  4  5  6  7  8  9 10 11 |
---------------+----------------------------------+-----
Conjurations   | 5 6 7 9 10 12 | 12.9
Spellcasting   | 3 4 6 8 9 10 | 10.8
Shields        | 4 5 |  5.0
Hexes          | 1 |  1.3
Polearms       | 2 5 |  5.6
Fire Magic     | 2 5 |  5.6
Dodging        | |  1.7
Stealth        | |  1.7

Action                   |  1- 3 |  4- 6 |  7- 9 | 10-12 || total
-------------------------+-------+-------+-------+-------++-------
Melee: Short sword       |    19 |     4 |       |       ||    23
       Tailslap          |     4 |       |     3 |     2 ||     9
       Unarmed           |     1 |       |       |       ||     1
       Whip              |       |     1 |       |       ||     1
       Morningstar       |       |     7 |    18 |       ||    25
       Trident           |       |       |    27 |    58 ||    85
 Cast: Magic Dart        |    74 |   116 |   242 |   169 ||   601
       Searing Ray       |     1 |     7 |    33 |    59 ||   100
       Fulminant Prism   |       |       |     5 |    22 ||    27
       Sticky Flame      |       |       |       |    18 ||    18
       Iskenderun's Batt |       |       |       |     7 ||     7
 Abil: Breathe Lightning |       |       |     1 |       ||     1
  Use: Scroll            |       |       |    15 |     4 ||    19
 Stab: Sleeping          |     3 |       |     1 |     1 ||     5
Armor: Skin              |     9 |     8 |    50 |    50 ||   117
Dodge: Dodged            |    25 |    29 |   111 |    82 ||   247
Block: Buckler           |       |       |    27 |    56 ||    83
       Reflection        |       |       |     4 |     5 ||     9
